 Dungeon Crawl Stone Soup version 0.31-a0-963-ga325b2283a (webtiles) character file.

Game seed: 1399216397276968739

9 Azuregosa the Sneak (level 2, -1/18 HPs)
             Began as a Deep Elf Delver on Oct 24, 2023.
             Slain by a quokka (2 damage)
             ... on level 5 of the Dungeon.
             The game lasted 00:00:46 (40 turns).

Azuregosa the Sneak (Deep Elf Delver)                 Turns: 40, Time: 00:00:47

Health: -1/18      AC:  3    Str:  9    XL:     2   Next: 3%
Magic:  4/4        EV: 12    Int: 14    God:
Gold:   0          SH:  0    Dex: 16    Spells: 1/1 levels left

rFire   . . .        a - +0 falchion
rCold   . . .        (no shield)
rNeg    . . .        b - +0 leather armour
rPois   .            (no helmet)
rElec   .            (no cloak)
rCorr   .            (no gloves)
SInv    .            (no boots)
Will    .....        (no amulet)
Stlth   +++          (no ring)
HPRegen 0.23/turn    (no ring)
MPRegen 0.09/turn

%: no passive effects
@: no status effects
A: no striking features
a: no special abilities


You were on level 5 of the Dungeon.
You visited 1 branch of the dungeon, and saw 2 of its levels.

Inventory:

Hand Weapons
 a - a +0 falchion (weapon)
Armour
 b - a +0 leather armour (worn)
Wands
 g - a wand of digging (3)
Scrolls
 c - a scroll of fog
Potions
 f - a potion of haste
 h - a potion of curing {unknown}


   Skills:
 - Level 2.4 Fighting
 - Level 1.7 Long Blades
 - Level 2.4 Dodging
 + Level 6.6 Stealth


You had one spell level left.
You didn't know any spells.
Your spell library was empty.

Dungeon Overview and Level Annotations

Branches:
Dungeon (6/15)
 Temple: D:4-7

Altars:

Annotations:
D:6 Edmund


Message History

You closely miss the adder. The adder barely misses you. The adder bites you.
You closely miss the adder. The adder bites you but does no damage.
The adder closely misses you.
You barely miss the adder. The adder bites you.
You are poisoned.
The adder poisons you! The orc misses you.
You barely miss the adder.
You feel sick. The adder misses you. The orc hits you with a +0 hand axe.
The adder misses you.
You slash the adder!
The adder is almost dead.
* * * LOW HITPOINT WARNING * * *
You feel sick. The adder closely misses you. The orc barely misses you.
You slash the adder!
You kill the adder!
* * * LOW HITPOINT WARNING * * *
You feel sick. The orc completely misses you.
You have reached level 2!
As you read the scroll of fear, it crumbles to dust.
You assume a fearsome visage.
The orc looks frightened!
* * * LOW HITPOINT WARNING * * *
You feel sick.
The orc begs for mercy.
Found a whip.
* * * LOW HITPOINT WARNING * * *
You feel sick.
* * * LOW HITPOINT WARNING * * *
You feel sick.
You are no longer poisoned.
A quokka comes into view.
Cornered, the orc turns to fight!
A hound comes into view.
Found a stone staircase leading up.
The hound barks!
The hound bites you.
* * * LOW HITPOINT WARNING * * *
The quokka barely misses you. The hound closely misses you.
You hit the hound.
The hound is lightly wounded.
The quokka bites you.
You die...

###.#...........).......,,,**,,**
#######.#...............,,,,,,,,,
####....#...............,**,,,,,*
####...........$......#.,,,,,,,,*
#####...................,,,,*,,,*
##...†..............,,,,*****
##.................,*,**
#........#.r......****
###......#@......#*
#...o.###h.....# ##...##*,...#.##
###.#**,..##,#* ###*,>.##,,,**
*,,.#*,,,,* **,##**,,** *** ****


You could see a hound and a quokka.

Vanquished Creatures
  An adder (D:5)
1 creature vanquished.

Notes
Turn   | Place    | Note
-------+----------+-------------------------------------------
     0 | D:5      | Azuregosa the Deep Elf Delver began the quest for the Orb.
     0 | D:5      | Reached XP level 1. HP: 13/13 MP: 3/3
     4 | D:6      | Noticed Edmund
     4 | D:6      | Noticed a phantom
    30 | D:5      | Reached XP level 2. HP: 4/18 MP: 4/4
    40 | D:5      | Slain by a quokka

Illustrated notes

Levels and vault maps discovered:
D:5:      layout_cave_pools
D:6:      layout_rooms, minmay_temple_entry_nine_rooms,
          cheibrodos_sewer_entry_sluice, uniq_edmund

Action                     || total
---------------------------++-------
  Melee: Falchion          ||     8
    Use: Scroll            ||     2
 Armour: Leather armour    ||     7
  Dodge: Dodged            ||    10

Table legend: (Time is in decaauts)
 A = Elapsed time spent in this place.
 B = Non-inter-level travel time spent in this place.
 C = Inter-level travel time spent in this place.
 D = Time resting spent in this place.
 E = Time spent auto-exploring this place.
 F = Levels seen in this place.
 G = Mean time per level.
                   A        B        C        D        E       F      G
               +--------+--------+--------+--------+--------+-----+--------+
         Total |     41 |     41 |      0 |      0 |      0 |   2 |   20.5 |
       Dungeon |     41 |     41 |      0 |      0 |      0 |   2 |   20.5 |
               +--------+--------+--------+--------+--------+-----+--------+

Top non-repeatable levels by time:
     D:5: 39 daAuts
     D:6: 1 daAuts
